 Dungeon Crawl Stone Soup version 0.17-a0-791-g233d389 (webtiles) character file.

64 thelaststarmaker the Skirmisher (level 4, -1/41 HPs)
             Began as a Hill Orc Fighter on Apr 29, 2015.
             Succumbed to poison (a potion of poison)
             ... on level 3 of the Dungeon on May 1, 2015.
             The game lasted 00:05:08 (1429 turns).

thelaststarmaker the Skirmisher (Hill Orc Fighter)  Turns: 1429, Time: 00:05:08

Health: -1/41      AC:  8    Str: 19    XL:     4   Next: 12%
Magic:  4/4        EV:  7    Int:  8    God:
Gold:   123        SH:  9    Dex: 10    Spells: 0 memorised, 3 levels left

rFire  . . .     SeeInvis .     a - +0 war axe
rCold  . . .     Clarity  .     b - +0 scale mail
rNeg   . . .     SustAb   .     c - +0 shield
rPois  .         Gourm    .     (no helmet)
rElec  .         Spirit   .     h - +0 cloak
rCorr  .         Warding  .     (no gloves)
rMut   .         Stasis   .     (no boots)
MR     .....                    (no amulet)
Stlth  ..........               (no ring)
                                (no ring)

@: lethally poisoned (-1 -> -16), not resistant to hostile enchantments,
extremely unstealthy
A: no striking features
a: no special abilities


You were on level 3 of the Dungeon.
You were not hungry.

You visited 1 branch of the dungeon, and saw 3 of its levels.

You collected 123 gold pieces.

Inventory:

Hand weapons
 a - a +0 war axe (weapon)
Missiles
 v - 2 throwing nets (quivered)
Armour
 b - a +0 scale mail (worn)
 c - a +0 shield (worn)
 h - a +0 cloak (worn)
 r - a +0 pair of boots
Jewellery
 t - a +3 ring of evasion {unknown}
Scrolls
 g - 2 scrolls of amnesia {unknown}
 i - a scroll of teleportation {unknown}
 j - a scroll of identify {unknown}
 l - a scroll of immolation {unknown}
 m - a scroll of random uselessness {unknown}
 o - 3 scrolls of blinking {unknown}
 p - a scroll of enchant weapon {unknown}
Potions
 d - a potion of might
 k - a potion of brilliance {unknown}
Comestibles
 e - a bread ration
 n - 2 fruits
 q - a royal jelly
 u - 2 meat rations


   Skills:
 + Level 4.5 Fighting
 - Level 2.6 Axes
 - Level 3.2 Armour
 + Level 1.0 Dodging
 + Level 4.3 Shields


You had 3 spell levels left.
You didn't know any spells.

Dungeon Overview and Level Annotations

Branches:
Dungeon (3/15)

Altars:

Annotations:
D:3 Robin


Message History

The goblin hits you with a club.
* * * LOW HITPOINT WARNING * * *
Something hits you but does no damage. The goblin hits you but does no damage.
You barely miss the hobgoblin. You closely miss the goblin.
You block the hobgoblin's attack. Something hits you but does no damage.
The hobgoblin hits you but does no damage.
The goblin hits you with a club.
* * * LOW HITPOINT WARNING * * *
You closely miss the hobgoblin. You closely miss the goblin.
Something hits you but does no damage.
The hobgoblin hits you but does no damage.
The goblin hits you with a club.
* * * LOW HITPOINT WARNING * * *
Something hits you.
* * * LOW HITPOINT WARNING * * *
Drink which item? (? for menu, Esc to quit)
It was a potion of poison.
That liquid tasted very nasty...
You are lethally poisoned!
You die...

#.# #.. ### #.# #..
..### #.# #.. #...###
#.# ### #.# ###...#
#.# #.. ..#
###.###.#### #.# #.#
#####.#......# #g###g#
.......).....# #@##{s#
#######......###g#.)##
................s{.###
#######.......#......#
#######...........%
####.#####...# ### ###


You could see a giant cockroach, a hobgoblin (frenzied) and a goblin (frenzied).

Vanquished Creatures
  2 adders (D:2)
  A bat (D:1)
  5 giant cockroaches
  10 goblins
  9 hobgoblins
  3 jackals (D:2)
  A quokka (D:2)
  3 giant newts
  3 kobolds
  4 rats
41 creatures vanquished.

Notes
Turn   | Place    | Note
--------------------------------------------------------------
     0 | D:1      | thelaststarmaker, the Hill Orc Fighter, began the quest for the Orb.
     0 | D:1      | Reached XP level 1. HP: 19/19 MP: 1/1
   337 | D:1      | Reached skill level 4 in Fighting
   352 | D:1      | Reached XP level 2. HP: 27/27 MP: 2/2
   822 | D:2      | Reached XP level 3. HP: 17/34 MP: 3/3
  1259 | D:2      | Reached skill level 1 in Dodging
  1404 | D:3      | Noticed Robin
  1406 | D:3      | Reached XP level 4. HP: 37/41 MP: 4/4
  1428 | D:3      | HP: 1/41 [something (4)]
  1429 | D:3      | Succumbed to poison (a potion of poison)

Action                   |  1- 3 |  4- 6 || total
-------------------------+-------+-------++-------
Melee: War axe           |   138 |    13 ||   151
  Use: Potion            |       |     1 ||     1
  Eat: Chunk             |     2 |       ||     2
